 Dungeon Crawl Stone Soup version 0.22-a0-433-gd2a9cce (webtiles) character file.

2102 KristoblXynda the Covert (level 9, -8/39 HPs)
             Began as a Spriggan Enchanter on May 26, 2018.
             Was an Initiate of Ashenzari.
             Mangled by a gnoll
             ... wielding a +0 halberd
              (15 damage)
             ... on level 7 of the Dungeon on May 27, 2018.
             The game lasted 00:29:53 (8529 turns).

KristoblXynda the Covert (Spriggan Enchanter)       Turns: 8529, Time: 00:29:54

Health: -8/39      AC:  2    Str:  5    XL:     9   Next: 7%
Magic:  21/22      EV: 18    Int: 18    God:    Ashenzari [......]
Gold:   154        SH:  0    Dex: 17    Spells: 15/24 levels left

rFire    . . .     SeeInvis +   c - +4 short sword (venom) (curse)
rCold    . . .     Gourm    .   (shield restricted)
rNeg     . . .     Faith    .   b - +0 robe
rPois    .         Spirit   .   (helmet restricted)
rElec    .         Reflect  .   (no cloak)
rCorr    .         Harm     .   (gloves unavailable)
MR       +....                  (boots unavailable)
Stlth    +++++.....             (no amulet)
HPRegen  0.13/turn              (no ring)
MPRegen  0.18/turn              (no ring)

@: very quick
A: very small, unfitting armour, see invisible, herbivore, speed 3, slow
metabolism 2
a: Curse Item, Renounce Religion


You were on level 7 of the Dungeon.
You worshipped Ashenzari.
Ashenzari was noncommittal.
You were not hungry.

You visited 2 branches of the dungeon, and saw 8 of its levels.
You also visited: Sewer and Ossuary.

You collected 401 gold pieces.
You spent 247 gold pieces at shops.

Inventory:

Hand Weapons
 c - a cursed +4 short sword of venom (weapon)
Armour
 b - a +0 robe (worn)
 u - a +0 buckler
Wands
 x - a wand of polymorph (11)
Scrolls
 e - a scroll of magic mapping
 f - 4 scrolls of teleportation
 i - a scroll of amnesia {unknown}
 j - a scroll of immolation {unknown}
 k - 9 scrolls of remove curse
 o - 3 scrolls of blinking
 r - 2 scrolls of vulnerability {unknown}
 w - a scroll of noise {unknown}
Potions
 a - a potion of lignification
 g - a potion of mutation
 h - a potion of resistance
 l - a potion of haste
 n - 2 potions of agility
 p - 3 potions of flight
 q - 4 potions of curing
 s - 4 potions of might
 t - a potion of brilliance
 v - a potion of invisibility
 z - 2 potions of magic
 A - 2 potions of heal wounds
Comestibles
 d - 2 rations


   Skills:
 + Level 4.0 Short Blades
 - Level 3.0 Dodging
 + Level 11.0 Stealth
 + Level 8.3 Spellcasting
 + Level 8.7 Hexes


You had 15 spell levels left.
You knew the following spells:

 Your Spells              Type           Power        Failure   Level  Hunger
a - Corona                Hex            #####..      1%          1    None
b - Ensorcelled Hibernat  Hex/Ice        ###...       2%          2    None
c - Tukima's Dance        Hex            #####...     1%          3    #......
d - Confuse               Hex            #####...     1%          3    #......

Your spell library contained the following spells:

 Spells                   Type           Power        Failure   Level  Hunger
 Dazzling Spray           Conj/Hex       ###...       4%          3    #......


Dungeon Overview and Level Annotations

Branches:
Dungeon (7/15)             Temple (1/1) D:6

Altars:
Ashenzari
Cheibriados
Dithmenos
Elyvilon
Fedhas
Gozag
Hepliaklqana
Kikubaaqudgha
Makhleb
Nemelex Xobeh
Okawaru
Qazlal
Ru
Sif Muna
Trog
Uskayaw
Vehumet
Wu Jian
Xom
Yredelemnul
Zin
The Shining One

Shops:
D:5 (   D:6 ?


Innate Abilities, Weirdness & Mutations

You are very small and have problems with some larger weapons.
You are too small for most types of armour.
You have supernaturally acute eyesight. (SInv)
You are a herbivore.
You cover ground extremely quickly.
You need to consume almost no food.


Message History

The jackal skeleton bites you but does no damage.
You hit the jackal skeleton.
The jackal skeleton is severely damaged.
The jackal skeleton closely misses you.
You hit the jackal skeleton.
You destroy the jackal skeleton!
The gnoll hits you from afar with a halberd!!
You hit the gnoll.
The gnoll is moderately wounded.
The gnoll hits you with a halberd.
You hit the gnoll.
The gnoll is poisoned.
The gnoll is heavily wounded.
The gnoll misses you.
You barely miss the gnoll.
The gnoll is heavily wounded.
The gnoll hits you with a halberd!
* * * LOW HITPOINT WARNING * * *
You closely miss the orc. The orc closely misses you.
The gnoll hits you from afar with a halberd!
You die...

####(....# #
#....h.g.# .#
##.#.#..g#####..#
.)...#.g.##.....#
..#.....g........#
. #......Z...._...
#.#####.##......
#.#####)........
#.o@.gg.####(..#
#..#####g.# .... #
#<..## .#. #####


You could see 3 gnolls and an orc.

Vanquished Creatures
  Pikel (D:5)
  Menkaure (D:6)
  Duvessa (D:7)
  An ice beast (D:6)
  2 phantoms (D:6)
  A slave (D:5)
  A necrophage (D:6)
  An ogre (D:6)
  A centaur (D:5)
  2 bullfrogs (D:6)
  3 elf zombies (Ossuary)
  Dowan (D:7)
  A scorpion (D:6)
  3 howler monkeys
  A crimson imp (D:5)
  An iguana (D:5)
  4 worker ants
  A hound zombie (D:6)
  4 mummies (Ossuary)
  12 adders
  2 gnolls (D:4)
  5 river rats
  A shadow imp (D:5)
  3 oozes
  2 adder skeletons
  An adder zombie (Ossuary)
  5 worms
  4 leopard geckos
  11 orcs
  6 giant cockroaches
  3 goblins
  5 hobgoblins
  2 jackals (D:6)
  5 ball pythons
  6 bats
  7 frilled lizards
  3 goblin zombies (Ossuary)
  A hobgoblin zombie (Ossuary)
  A jackal skeleton (D:7)
  A jackal zombie (Ossuary)
  22 kobolds
  A kobold zombie (Ossuary)
  An orc zombie (Ossuary)
  30 rats
  A rat zombie (D:6)
172 creatures vanquished.

Vanquished Creatures (collateral kills)
  An ogre (D:5)
  A gnoll (D:4)
2 creatures vanquished.

Vanquished Creatures (others)
  A dancing weapon (D:4)
  A leopard gecko (D:5)
  A goblin zombie (Ossuary)
3 creatures vanquished.

Grand Total: 177 creatures vanquished

Notes
Turn   | Place    | Note
-------+----------+-------------------------------------------
     0 | D:1      | KristoblXynda the Spriggan Enchanter began the quest for the Orb.
     0 | D:1      | Reached XP level 1. HP: 9/9 MP: 5/5
   465 | D:1      | Reached XP level 2. HP: 13/13 MP: 7/7
   621 | D:1      | Learned a level 2 spell: Ensorcelled Hibernation
   801 | D:1      | Found a sparkling altar of Nemelex Xobeh.
   864 | D:1      | Reached skill level 5 in Stealth
  1404 | D:2      | Reached XP level 3. HP: 16/16 MP: 5/8
  2277 | D:3      | Reached XP level 4. HP: 17/21 MP: 1/10
  2700 | D:3      | Learned a level 3 spell: Tukima's Dance
  2740 | D:4      | Found a hazy altar of Hepliaklqana.
  2907 | D:4      | Found a glowing drain.
  2912 | Sewer    | Entered a sewer
  3004 | Sewer    | Reached skill level 6 in Stealth
  3198 | Sewer    | Reached skill level 5 in Hexes
  3198 | Sewer    | Reached XP level 5. HP: 23/24 MP: 7/12
  4627 | D:4      | Reached skill level 7 in Stealth
  4677 | D:4      | Reached XP level 6. HP: 28/28 MP: 14/14
  4715 | D:4      | Learned a level 3 spell: Confuse
  5044 | D:4      | Reached skill level 5 in Spellcasting
  5415 | D:5      | Entered Level 5 of the Dungeon
  5580 | D:5      | Reached skill level 8 in Stealth
  5707 | D:5      | Reached XP level 7. HP: 5/32 MP: 1/16
  6107 | D:5      | Noticed Pikel
  6328 | D:5      | Killed Pikel
  6328 | D:5      | Reached skill level 9 in Stealth
  6481 | D:5      | Found Juomarche's Weapon Shoppe.
  6484 | D:5      | Bought a +3 short sword of venom for 247 gold pieces
  6915 | D:6      | Found Xotouf's Magic Scroll Emporium.
  7017 | D:6      | Found a staircase to the Ecumenical Temple.
  7026 | Temple   | Entered the Ecumenical Temple
  7152 | Temple   | Became a worshipper of Ashenzari the Shackled
  7239 | D:6      | Reached XP level 8. HP: 34/36 MP: 19/19
  7265 | D:6      | Found a sand-covered staircase.
  7275 | Ossuary  | Entered an ossuary
  7773 | Ossuary  | Reached skill level 10 in Stealth
  8164 | D:6      | Noticed Menkaure
  8182 | D:6      | Killed Menkaure
  8334 | D:7      | Found a shimmering altar of Xom.
  8335 | D:7      | Noticed Duvessa
  8335 | D:7      | Noticed Dowan
  8350 | D:7      | Killed Duvessa
  8350 | D:7      | Reached XP level 9. HP: 21/39 MP: 19/22
  8355 | D:7      | Killed Dowan
  8355 | D:7      | Reached skill level 11 in Stealth
  8529 | D:7      | Mangled by a gnoll

Vault maps used:
D:1:      dpeg_arrival_court, nemelex_xobeh_ov_fountains_minmay
D:3:      minmay_fountain_box
D:4:      nicolae_overflow_crystal_walls, lightli_sewer_entry_pipes
D:5:      serial_shops, kennysheep_mini, first_ration, grunt_ministairs_10,
          uniq_pikel
D:6:      minmay_temple_entry_poolview, serial_shops, nicolae_shop_statue_plus,
          enter_ossuary_3, minmay_misc_feat_iff, uniq_menkaure
D:7:      basic_altar, kennysheep_potato, uniq_duvessa
Temple:   minmay_crystal_snake_temple
Sewer:    sewer_minmay_treatment
Ossuary:  ossuary_minmay_tomb_2a

Skill      XL: |  1  2  3  4  5  6  7  8  9 |
---------------+----------------------------+-----
Spellcasting   | 3 4 5 6 8 |  8.3
Hexes          | 4 5 6 7 8 |  8.7
Stealth        | 5 6 7 8 9 10 11 | 11.0
Short Blades   | 3 4 |  4.0
Dodging        | |  3.0

Action                   |  1- 3 |  4- 6 |  7- 9 || total
-------------------------+-------+-------+-------++-------
Melee: Dagger            |   127 |   349 |    25 ||   501
       Short sword       |       |       |   166 ||   166
 Cast: Corona            |     1 |       |       ||     1
       Ensorcelled Hiber |    15 |    69 |    14 ||    98
       Confuse           |       |     9 |    22 ||    31
       Tukima's Dance    |       |     5 |     5 ||    10
Invok: Curse Item        |       |       |     1 ||     1
  Use: Scroll            |       |    12 |    10 ||    22
       Potion            |       |     7 |     2 ||     9
 Stab: Sleeping          |    32 |    36 |    17 ||    85
       Distracted        |     1 |       |     1 ||     2
       Confused          |       |     1 |    13 ||    14
  Eat: Ration            |       |     3 |     2 ||     5
Armor: Robe              |    12 |    23 |    11 ||    46
       Skin              |       |       |    10 ||    10
Dodge: Dodged            |    78 |   384 |   109 ||   571

Table legend:
 A = Spawn XP
 B = Non-spawn XP
 C = Spawn XP percentage of total XP
 D = Spawn monster count
 E = Non-spawn monster count
 F = Spawn count percentage of total count
 G = Total turns spent on level
                    A         B        C        D         E        F      G
               +---------+---------+-------+---------+---------+-------+---------
         Total |       0 |    3003 |   0.0 |       0 |     172 |   0.0 |  8529
               +---------+---------+-------+---------+---------+-------+---------
           D:1 |       0 |      34 |   0.0 |       0 |      23 |   0.0 |  1259
           D:2 |       0 |      24 |   0.0 |       0 |       7 |   0.0 |   555
           D:3 |       0 |      51 |   0.0 |       0 |      22 |   0.0 |   916
           D:4 |       0 |     283 |   0.0 |       0 |      23 |   0.0 |  1462
           D:5 |       0 |     875 |   0.0 |       0 |      15 |   0.0 |  1387
           D:6 |       0 |    1040 |   0.0 |       0 |      17 |   0.0 |   699
           D:7 |       0 |     220 |   0.0 |       0 |       3 |   0.0 |   196
         Sewer |       0 |     140 |   0.0 |       0 |      48 |   0.0 |  1331
       Ossuary |       0 |     336 |   0.0 |       0 |      14 |   0.0 |   525
               +---------+---------+-------+---------+---------+-------+---------
